 Dungeon Sprint DCSS version 0.24-a0-250-g6074511092 (webtiles) character file.

Game seed: 9590952891425709950

266 Redear the Fighter (level 6, 0/75 HPs)
             Began as an Ogre Fighter on Apr 15, 2019.
             Slain by a jelly (3 damage)
             ... in the Dungeon (Sprint I: "Red Sonja").
             The game lasted 00:00:57 (73 turns).

Redear the Fighter (Ogre Fighter)                     Turns: 73, Time: 00:00:58

Health: 0/75       AC: -9    Str: 21    XL:     6   Next: 20%
Magic:  6/6        EV: 11    Int: 11    God:
Gold:   162        SH:  9    Dex:  8    Spells: 5/5 levels left

rFire    . . .     SeeInvis .     - Unarmed
rCold    . . .     Gourm    .   b - +0 shield
rNeg     . . .     Faith    .   a - +0 robe
rPois    .         Spirit   .   (helmet restricted)
rElec    .         Reflect  .   (no cloak)
rCorr    .         Harm     .   (gloves unavailable)
MR       .....     NoTele   +   (boots unavailable)
Stlth    +.........             (no amulet)
HPRegen  0.22/turn              (no ring)
MPRegen  0.10/turn              (no ring)

@: corroded
A: large, unfitting armour, tough skin 1
a: no special abilities


You were in the Dungeon.
You were not hungry.

You visited 1 branch You collected 162 gold pieces.

Inventory:

Armour
 a - a +0 robe (worn)
 b - a +0 shield (worn)
Wands
 D - a wand of digging (8)
Scrolls
 B - a scroll of blinking {@r4}
Potions
 c - a potion of flight {unknown}
 h - 2 potions of magic
 i - a potion of berserk rage
 H - a potion of haste {@q5}
 Q - a potion of curing {@q2}
Comestibles
 d - 2 chunks of flesh
 z - a ration


   Skills:
 + Level 9.1 Fighting
 + Level 6.3 Dodging
 + Level 6.3 Shields
 + Level 5.9 Unarmed Combat


You had 5 spell levels left.
You didn't know any spells.
Your spell library was empty.

Dungeon Overview and Level Annotations

Branches:
Dungeon (1/1)

Altars:
Sif Muna
Vehumet
Wu Jian


Innate Abilities, Weirdness & Mutations

You are too large for most types of armour.
You have tough skin. (AC +1)


Message History

The jelly is severely wounded.
The jelly hits you.
* * * LOW HITPOINT WARNING * * *
The acid corrodes you!
You are splashed with acid!
* * * LOW HITPOINT WARNING * * *
You take 12 damage, and have 7/75 hp.
You feel much better. The jelly hits you. The acid corrodes you!
You are splashed with acid!
* * * LOW HITPOINT WARNING * * *
You regained 5 hp, and now have 12/75 hp.
You hit the jelly but do no damage.
Your hands burn!
* * * LOW HITPOINT WARNING * * *
The jelly is severely wounded.
The jelly barely misses you.
You take 4 damage, and have 8/75 hp.
You hit the jelly but do no damage.
Your hands burn!
* * * LOW HITPOINT WARNING * * *
The jelly is severely wounded.
The jelly hits you.
You die...

################
#<.#..').#.)'..#
#..').#..'..#..+
#..#####'#####'#
#..# #..# #[#
#..# #### #@#
#..# #J.+ #⌠⌠#
..._# ####
#_.#+# ##+


You could see a jelly.

Vanquished Creatures
  Sigmund (D)
  An ogre (D)
  Ijyb (D)
3 creatures vanquished.

Notes
Turn   | Place    | Note
-------+----------+-------------------------------------------
     0 | D        | Redear the Ogre Fighter began the quest for the Orb.
     0 | D        | Reached XP level 1. HP: 24/24 MP: 1/1
     3 | D        | Noticed Ijyb
    12 | D        | Killed Ijyb
    12 | D        | Reached skill level 5 in Fighting
    12 | D        | Reached skill level 3 in Dodging
    12 | D        | Reached skill level 3 in Shields
    12 | D        | Reached skill level 3 in Unarmed Combat
    12 | D        | Reached XP level 2. HP: 30/35 MP: 2/2
    12 | D        | Reached XP level 3. HP: 36/42 MP: 3/3
    18 | D        | Noticed an ogre
    23 | D        | Killed an ogre
    23 | D        | Reached skill level 7 in Fighting
    23 | D        | Reached skill level 4 in Dodging
    23 | D        | Reached skill level 4 in Shields
    23 | D        | Reached skill level 4 in Unarmed Combat
    23 | D        | Reached XP level 4. HP: 33/55 MP: 4/4
    26 | D        | Noticed Sigmund
    34 | D        | Killed Sigmund
    34 | D        | Reached skill level 9 in Fighting
    34 | D        | Reached skill level 6 in Dodging
    34 | D        | Reached skill level 6 in Shields
    34 | D        | Reached skill level 5 in Unarmed Combat
    34 | D        | Reached XP level 5. HP: 27/67 MP: 5/5
    34 | D        | Reached XP level 6. HP: 31/75 MP: 6/6
    63 | D        | Found an ornate altar of the Wu Jian Council.
    63 | D        | Found a deep blue altar of Sif Muna.
    65 | D        | Found a radiant altar of Vehumet.
    70 | D        | HP: 7/75 [acid (8)]
    73 | D        | HP: 3/75 [acid (5)]
    73 | D        | Slain by a jelly

Levels and vault maps discovered:
D:        dungeon_sprint_1 [red_sonja_temple_1, red_sonja_temple_small_1]

Skill      XL: |  1  2  3  4 |
---------------+-------------+-----
Fighting       | 5 7 9 |  9.1
Dodging        | 3 4 6 |  6.3
Shields        | 3 4 6 |  6.3
Unarmed Combat | 3 4 5 |  5.9

Action                   |  1- 3 |  4- 6 || total
-------------------------+-------+-------++-------
Melee: Unarmed           |    12 |    12 ||    24
  Use: Potion            |     1 |     1 ||     2
Armor: Robe              |     1 |       ||     1
Dodge: Dodged            |     2 |     3 ||     5
Block: Shield            |     5 |     4 ||     9

Table legend:
 A = Non-vault XP
 B = Vault XP
 C = Vault XP percentage of total XP
 D = Non-vault monster count
 E = Vault monster count
 F = Vault count percentage of total count
                 A         B        C        D         E       F
            +---------+---------+-------+---------+---------+-------
      Total |       0 |     381 | 100.0 |       0 |       3 | 100.0
            +---------+---------+-------+---------+---------+-------
          D |       0 |     381 | 100.0 |       0 |       3 | 100.0
            +---------+---------+-------+---------+---------+-------
